cohdb
Replays
Latest Replays
All Replays
Popular Replays
Top Player Replays
Match Explorer
How It Works
Community
CoH3 Stats
Reddit
Sign in to upload your games and track your stats! →
Sign in with Steam
Match 41508333
Unlisted
Match 41508333
Overview
Messages
Build Orders
End
Kradschützen Motorcycle Team
Panzergrenadier Squad
Panzergrenadier Squad
Construct Light Support Kompanie
Assault Grenadier Squad
Fire Support Elements
Flakvierling Half-track
2.5-tonne Medical Truck
Panzerjäger Mechanized Group
Selects Panzerjäger Kommand Battlegroup
Selects Tank Busters
Selects Crew Shock Tactics
Veteran Squad Leaders
MG34 Team
Construct Panzerarmee Kommand
Panzer III L Medium Tank
Panzergrenadier Squad
Pak 38 Anti-tank Gun Team
Pak 38 Anti-tank Gun Team
MG34 Team
Selects Elefant Tank Destroyer
2.5-tonne Medical Truck
Armored Reserves
Selects Mine Fields
Selects Defensive Positions
Selects Butterfly Bomb Drop
Butterfly Bomb Drop
Tiger Heavy Tank
Butterfly Bomb Drop
Grand.G
Kkalua_Milk
0
0
Comments
sign in to comment!
No comments posted yet!